 Dungeon Crawl Stone Soup version 0.28-a0-750-g7c675f85b1 (webtiles) character file.

Game seed: 3628439718920418108

11951 pokeman the Eclecticist (level 11, 0/60 HPs)
             Began as a Deep Elf Hedge Wizard on Oct 29, 2021.
             Was a Priest of Vehumet.
             Slain by an unseen horror (6 damage)
             ... on level 11 of the Dungeon.
             The game lasted 00:35:10 (13802 turns).

pokeman the Eclecticist (Deep Elf Hedge Wizard)    Turns: 13802, Time: 00:35:10

Health: 0/60       AC:  9    Str:  7    XL:     11   Next: 56%
Magic:  24/32      EV: 13    Int: 23    God:    Vehumet [***...]
Gold:   534        SH:  5    Dex: 14    Spells: 29/41 levels left

rFire   + . .      SeeInvis +   p - +1 short sword (venom)
rCold   + . .      Faith    .   r - +0 buckler {AC+3}
rNeg    . . .      Spirit   .   s - +0 steam dragon scales
rPois   .          Reflect  .   c - +0 hat
rElec   .          Harm     .   P - scarf {rC+ rF+}
rCorr   .          Rampage  .   (no gloves)
Will    +....                   o - +0 pair of boots
Stlth   ++........              (no amulet)
HPRegen 0.20/turn               D - ring of see invisible
MPRegen 0.23/turn               I - ring of wizardry

@: no status effects
A: no striking features
a: Renounce Religion


You were on level 11 of the Dungeon.
You worshipped Vehumet.
Vehumet was most pleased with you.
You visited 1 branch of the dungeon, and saw 11 of its levels.

You collected 660 gold pieces.
You spent 126 gold pieces at shops.

Inventory:

Hand Weapons
 p - a +1 short sword of venom (weapon)
 t - a +0 hand crossbow
 M - a +0 shortbow
Missiles
 a - 133 arrows
 u - 37 bolts
Armour
 c - a +0 hat (worn)
 o - a +0 pair of boots (worn)
 r - a +0 buckler of protection (worn)
 s - +0 steam dragon scales (worn)
 H - a +1 leather armour of cold resistance
 P - a scarf of resistance (worn)
 U - a +0 troll leather armour
Magical Staves
 w - a staff of cold
Jewellery
 k - a ring of ice
 D - a ring of see invisible (left hand)
 I - a ring of wizardry (right hand)
Wands
 A - a wand of acid (11)
 E - a wand of digging (4)
 L - a wand of flame (13)
 R - a wand of charming (11)
 T - a wand of iceblast (18)
Scrolls
 b - 2 scrolls of immolation {unknown}
 e - 4 scrolls of fog {unknown}
 f - 4 scrolls of magic mapping {unknown}
 i - 5 scrolls of teleportation {unknown}
 j - 2 scrolls of silence {unknown}
 l - 4 scrolls of fear {unknown}
 q - 2 scrolls of blinking {unknown}
 v - 2 scrolls of identify {unknown}
 y - 2 scrolls of brand weapon {unknown}
 z - 2 scrolls of amnesia {unknown}
 B - a scroll of torment {unknown}
 C - a scroll of acquirement {unknown}
 G - 3 scrolls of enchant weapon {unknown}
 K - 2 scrolls of enchant armour {unknown}
 O - 3 scrolls of vulnerability {unknown}
 Q - a scroll of summoning {unknown}
Potions
 d - a potion of haste {unknown}
 g - 2 potions of brilliance {unknown}
 h - 5 potions of curing
 m - 3 potions of flight {unknown}
 n - 3 potions of heal wounds {unknown}
 x - 2 potions of mutation {unknown}
 F - 2 potions of resistance {unknown}
 J - a potion of attraction {unknown}
 S - a potion of degeneration {unknown}
 V - a potion of invisibility {unknown}
Miscellaneous
 N - a lightning rod (4/4)


   Skills:
 + Level 3.8 Fighting
 - Level 3.0 Armour
 - Level 3.0 Dodging
 - Level 3.0 Stealth
 - Level 4.1 Shields
 * Level 15.6 Spellcasting
 + Level 9.2 Conjurations
 - Level 1.1 Summonings
 - Level 1.1 Translocations
 + Level 8.6 Fire Magic
 - Level 1.0 Air Magic
 - Level 1.0 Poison Magic
 - Level 1.0 Evocations


You had 29 spell levels left.
You knew the following spells:

 Your Spells              Type           Power      Damage    Failure   Level
a - Magic Dart            Conj           100%       1d8       1%          1
b - Mephitic Cloud        Conj/Pois/Air  35%        N/A       1%          3
c - Call Imp              Summ           23%        N/A       1%          2
d - Blink                 Tloc           46%        N/A       1%          2
e - Conjure Flame         Conj/Fire      56%        6-21      1%          3
f - Foxfire               Conj/Fire      100%       2x1d9     1%          1

Your spell library contained the following spells:

 Spells                   Type           Power      Damage    Failure   Level
 Iskenderun's Mystic Bla  Conj/Tloc      41%        2d9       1%          4
 Slow                     Hex            72%        N/A       1%          1
 Static Discharge         Conj/Air       41%        N/A       1%          2
 Inner Flame              Hex/Fire       37%        N/A       1%          3
 Hailstorm                Conj/Ice       39%        3d9       1%          4
 Sticky Flame             Conj/Fire      56%        2d7       1%          4
 Irradiate                Conj/Tmut      19%        3d20      1%          5
 Ozocubu's Armour         Ice            18%        N/A       4%          3
 Cause Fear               Hex            9%         N/A       13%         4
 Dispel Undead            Necr           18%        3d11      13%         4
 Ice Form                 Ice/Tmut       18%        N/A       13%         4
 Summon Forest            Summ/Tloc      11%        N/A       22%         5
 Blade Hands              Tmut           9%         N/A       32%         5
 Eringya's Noxious Bog    Tmut/Pois      10%        N/A       34%         6
 Simulacrum               Ice/Necr       9%         N/A       86%         6
 Ozocubu's Refrigeration  Ice            9%         4d6       89%         7
 Summon Hydra             Summ           11%        N/A       99%         7
 Dragon Form              Tmut           9%         N/A       100%        7
 Discord                  Hex            9%         N/A       100%        8


Dungeon Overview and Level Annotations

Branches:
Dungeon (11/15)            Temple (0/1) D:6            Lair (0/6) D:11
    Orc: D:9-12

Altars:
Elyvilon
Fedhas
Okawaru
Sif Muna
Uskayaw
Vehumet

Shops:
D:3 [   D:5 !   D:9 *   D:10 *

Annotations:
D:11 Harold


Message History

The orc is engulfed in noxious fumes.
Your crimson imp blinks!
The orc is engulfed in noxious fumes.
The orc appears confused.
The orc says, "I'm a little confused."
The orc barely misses Harold.
The orc hits itself with a +0 hand axe.
The orc is killed!
Vehumet accepts your kill.
You feel your power returning.
Things that are here:
a +0 scimitar of flaming; a +0 robe; the human corpse of Erica
Casting: Call Imp (safe; 1% risk of failure)
Confirm with . or Enter, or press ? or * to list all spells.
Aiming: Mephitic Cloud (safe; 1% risk of failure)
Press: ? - help, Shift-Dir - straight line, f - unseen horror
Aim: an unseen horror (moderately wounded, slightly transparent, confused, chance to affect: 67%)
The ball explodes into a vile cloud!
The stinking cloud engulfs the unseen horror but does no damage.
The unseen horror is moderately wounded.
The unseen horror is engulfed in noxious fumes.
The unseen horror appears confused.
The unseen horror is engulfed in noxious fumes.
The unseen horror appears confused.
The unseen horror is engulfed in noxious fumes.
The unseen horror appears confused.
Your crimson imp blinks!
The unseen horror is engulfed in noxious fumes.
The unseen horror appears confused.
The unseen horror is engulfed in noxious fumes.
The unseen horror appears confused.
Harold is engulfed in noxious fumes.
Harold appears confused.
Harold says, "I'm a little confused."
Harold completely misses the unseen horror.
The unseen horror is engulfed in noxious fumes.
The unseen horror appears confused.
The unseen horror is engulfed in noxious fumes.
The unseen horror appears confused.
Harold is engulfed in noxious fumes.
The unseen horror is engulfed in noxious fumes.
The unseen horror appears confused.
Harold is engulfed in noxious fumes.
The unseen horror hits you.
You die...

#.....### ###.# #.....#
#.... ###'#@# #....
#.#.# #.... #.#.# #....
#.#)# #.... ..#.# #....
######.########....
#.@x...#.......##..
#.####.######.......##..
#...................##..
#.####.#######..........
#.###############..
#......... #..
########## ###


You could see an unseen horror (invisible, confused).

Vanquished Creatures
  A boulder beetle (D:11)
  Erica (D:11)
  2 two-headed ogres (D:9)
  Urug (D:10)
  Maurice (D:10)
  Joseph (D:7)
  A gargoyle (D:10)
  An unseen horror (D:10)
  A kobold demonologist (D:9)
  A troll (D:11)
  A hornet (D:10)
  3 meliai (D:8)
  12 yaks
  A wraith (D:7)
  2 wyverns (D:9)
  Eustachio (D:6)
  A steam dragon (D:4)
  A warg (D:11)
  3 water moccasins
  3 orc warriors
  2 necrophages
  2 ice beasts (D:7)
  3 sky beasts
  4 centaurs
  3 ogres
  A kobold brigand (D:6)
  2 bullfrogs
  A gnoll sergeant (D:11)
  3 scorpions
  A jelly (D:8)
  6 howler monkeys
  An electric eel (D:11)
  3 centaur zombies
  A bullfrog zombie (D:6)
  2 hounds
  12 orc priests
  2 centaur skeletons
  A gnoll shaman (D:6)
  Terence (D:2)
  An iguana (D:4)
  9 orc wizards
  8 adders
  10 gnolls
  A shadow imp (D:7)
  3 white imps
  3 ufetubi (D:5)
  An adder skeleton (D:2)
  A worm (D:2)
  3 dart slugs
  39 orcs
  11 endoplasms
  3 giant cockroaches
  3 goblins
  7 hobgoblins
  7 jackals
  3 quokkas
  9 ball pythons
  14 bats
  2 frilled lizards
  13 kobolds
  A rat (D:1)
  A foxfire (D:9)
243 creatures vanquished.

Vanquished Creatures (collateral kills)
  A warg (D:11)
  A bullfrog (D:6)
  An orc wizard (D:11)
  2 orcs
  A foxfire (D:8)
6 creatures vanquished.

Vanquished Creatures (others)
  An electric eel (D:11)
  472 foxfires
  17 plants
490 creatures vanquished.

Grand Total: 739 creatures vanquished

Notes
Turn   | Place    | Note
-------+----------+-------------------------------------------
     0 | D:1      | pokeman the Deep Elf Hedge Wizard began the quest for the
                  | Orb.
     0 | D:1      | Reached XP level 1. HP: 10/10 MP: 7/7
    85 | D:1      | Reached XP level 2. HP: 16/16 MP: 2/9
   483 | D:1      | Reached skill level 5 in Spellcasting
   819 | D:1      | Reached XP level 3. HP: 20/20 MP: 6/11
   823 | D:1      | Learned a level 3 spell: Mephitic Cloud
   826 | D:1      | Learned a level 2 spell: Blink
   829 | D:1      | Learned a level 2 spell: Call Imp
   833 | D:1      | Learned a level 3 spell: Conjure Flame
  1827 | D:2      | Reached skill level 1 in Fighting
  1827 | D:2      | Reached skill level 1 in Armour
  1941 | D:2      | Noticed Terence
  2295 | D:1      | Reached XP level 4. HP: 8/25 MP: 1/13
  2900 | D:2      | Reached skill level 1 in Fire Magic
  2974 | D:2      | Killed Terence
  2975 | D:2      | Reached skill level 6 in Spellcasting
  2975 | D:2      | Reached XP level 5. HP: 29/29 MP: 4/15
  3116 | D:2      | Found a faded altar of an unknown god.
  3552 | D:3      | Reached skill level 1 in Air Magic
  3749 | D:3      | Noticed an ogre
  3756 | D:3      | Killed an ogre
  3757 | D:3      | Reached skill level 1 in Poison Magic
  3861 | D:3      | Reached XP level 6. HP: 34/34 MP: 13/17
  4012 | D:3      | Found Dolahel's Armour Emporium.
  4110 | D:3      | Found a white marble altar of Elyvilon.
  4622 | D:3      | Bought a +0 buckler of protection for 126 gold pieces
  4876 | D:4      | Reached skill level 7 in Spellcasting
  5141 | D:4      | Noticed a steam dragon
  5154 | D:4      | Killed a steam dragon
  5155 | D:4      | Reached XP level 7. HP: 39/39 MP: 14/20
  5247 | D:4      | Reached skill level 8 in Spellcasting
  5662 | D:4      | Reached skill level 1 in Shields
  5838 | D:4      | Found a blossoming altar of Fedhas.
  5839 | D:4      | Found a radiant altar of Vehumet.
  5846 | D:4      | Became a worshipper of Vehumet
  6130 | D:5      | Entered Level 5 of the Dungeon
  6358 | D:5      | Reached XP level 8. HP: 33/44 MP: 20/22
  6541 | D:5      | Found Falum's Distillery.
  6650 | D:5      | Reached skill level 9 in Spellcasting
  6746 | D:5      | Found an iron altar of Okawaru.
  7256 | D:6      | Reached skill level 5 in Conjurations
  7265 | D:6      | Reached * piety under Vehumet
  7265 | D:6      | Offered knowledge of Foxfire by Vehumet.
  7268 | D:6      | Learned a level 1 spell: Foxfire
  7291 | D:6      | Reached skill level 10 in Spellcasting
  7291 | D:6      | Noticed Eustachio
  7310 | D:6      | Killed Eustachio
  7875 | D:6      | Found a staircase to the Ecumenical Temple.
  8002 | D:6      | Found a hide-covered altar of Uskayaw.
  8163 | D:6      | Reached skill level 1 in Evocations
  8163 | D:6      | Reached XP level 9. HP: 48/48 MP: 12/25
  8314 | D:6      | You fall into a shaft and drop 3 floors!
  8434 | D:7      | Reached skill level 5 in Fire Magic
  8460 | D:7      | Offered knowledge of Searing Ray by Vehumet.
  8576 | D:7      | Reached skill level 11 in Spellcasting
  8605 | D:7      | Noticed Joseph
  8619 | D:7      | Killed Joseph
  8852 | D:7      | Reached ** piety under Vehumet
  9015 | D:7      | Found a shimmering blue altar of Sif Muna.
  9123 | D:8      | Reached skill level 12 in Spellcasting
  9147 | D:8      | Noticed a meliai
  9149 | D:8      | Noticed a meliai
  9152 | D:8      | Noticed a meliai
  9588 | D:8      | Killed a meliai
  9605 | D:8      | Killed a meliai
  9606 | D:8      | Reached XP level 10. HP: 35/55 MP: 22/28
 10492 | D:9      | Reached skill level 13 in Spellcasting
 10541 | D:9      | Found Sahowem's Serpentskin Sales.
 10764 | D:9      | Noticed a two-headed ogre
 10798 | D:9      | Killed a two-headed ogre
 11244 | D:9      | Noticed a two-headed ogre
 11259 | D:9      | Killed a two-headed ogre
 11646 | D:10     | Entered Level 10 of the Dungeon
 11649 | D:10     | Noticed Urug
 11718 | D:10     | Reached skill level 14 in Spellcasting
 11809 | D:10     | Noticed Maurice
 11810 | D:10     | Offered knowledge of Poisonous Vapours by Vehumet.
 11824 | D:10     | Killed Maurice
 11829 | D:10     | Reached XP level 11. HP: 36/60 MP: 2/31
 12373 | D:10     | Killed Urug
 12774 | D:10     | Found Rokais's Neck Hole.
 13110 | D:11     | Reached *** piety under Vehumet
 13121 | D:11     | Noticed a boulder beetle
 13135 | D:11     | Reached skill level 15 in Spellcasting
 13272 | D:11     | Killed a boulder beetle
 13416 | D:11     | Offered knowledge of Iskenderun's Mystic Blast by Vehumet.
 13676 | D:11     | Noticed Erica
 13703 | D:11     | Killed Erica
 13776 | D:11     | Found a staircase to the Lair.
 13776 | D:11     | Noticed Harold
 13802 | D:11     | Slain by an unseen horror

Illustrated notes

Levels and vault maps discovered:
D:1:      psy_arrival_fountain, layout_basic
D:2:      layout_rooms, hellmonk_ecumenical_altar_run_dry, minmay_tetromino_l2,
          uniq_terence
D:3:      layout_basic, nicolae_elyvilon_temple_path, serial_shops, shop,
          kennysheep_generic_room_2
D:4:      layout_loops_ring, gammafunk_temple_overflow_pools,
          hangedman_decor_diamond_cutter
D:5:      layout_rooms, okawaru_gym_becter, serial_shops,
          nicolae_take_the_stairs
D:6:      layout_basic, nicolae_uskayaw_dance_studio,
          minmay_temple_entry_junction, minivault_5, roderic_batcave,
          minivault_27, uniq_eustachio
D:7:      layout_rooms, led_sif_pool, uniq_joseph
D:8:      layout_basic
D:9:      layout_loops_corners, guppyfry_shop_venom
D:10:     layout_basic, nicolae_shop_sticking_my_neck_out, uniq_urug,
          uniq_maurice
D:11:     layout_basic, erik_lair_orcish_takeover, erik_orc_2, uniq_harold,
          uniq_erica

Skill      XL: |  1  2  3  4  5  6  7  8  9 10 11 |
---------------+----------------------------------+-----
Spellcasting   | 5 6 7 8 10 12 14 15 | 15.6
Fighting       | 1 2 3 |  3.8
Armour         | 1 2 3 |  3.0
Conjurations   | 2 3 4 5 7 8 9 |  9.2
Fire Magic     | 1 2 3 4 6 7 8 |  8.6
Dodging        | 3 |  3.0
Air Magic      | 1 |  1.0
Stealth        | 3 |  3.0
Poison Magic   | 1 |  1.0
Shields        | 1 2 3 4 |  4.1
Evocations     | 1 |  1.0
Summonings     | |  1.1
Translocations | |  1.1

Action                   |  1- 3 |  4- 6 |  7- 9 | 10-12 || total
-------------------------+-------+-------+-------+-------++-------
Melee: Dagger            |     4 |       |       |       ||     4
       War axe           |    10 |    13 |       |       ||    23
       Hand axe          |       |     8 |       |       ||     8
       Short sword       |       |    11 |    90 |    64 ||   165
 Cast: Magic Dart        |    93 |   123 |    89 |     2 ||   307
       Mephitic Cloud    |     2 |     6 |    28 |    36 ||    72
       Conjure Flame     |       |     4 |    13 |    33 ||    50
       Call Imp          |       |       |     3 |    10 ||    13
       Foxfire           |       |       |    99 |   164 ||   263
       Blink             |       |       |     1 |     1 ||     2
Evoke: Wand              |       |       |       |     2 ||     2
 Stab: Confused          |       |     2 |     6 |    10 ||    18
       Sleeping          |       |     1 |     1 |       ||     2
Armor: Robe              |     4 |       |       |       ||     4
       Leather armour    |     5 |     9 |       |       ||    14
       Steam dragon scal |       |       |    30 |    25 ||    55
Dodge: Dodged            |    33 |    32 |    90 |    68 ||   223
Block: Buckler           |       |       |       |     3 ||     3

Table legend: (Time is in decaauts)
 A = Elapsed time spent in this place.
 B = Non-inter-level travel time spent in this place.
 C = Inter-level travel time spent in this place.
 D = Time resting spent in this place.
 E = Time spent auto-exploring this place.
 F = Levels seen in this place.
 G = Mean time per level.
                   A        B        C        D        E       F      G
               +--------+--------+--------+--------+--------+-----+--------+
         Total |  13845 |  13187 |    658 |   1368 |   9575 |  11 | 1258.6 |
       Dungeon |  13845 |  13187 |    658 |   1368 |   9575 |  11 | 1258.6 |
               +--------+--------+--------+--------+--------+-----+--------+

Top non-repeatable levels by time:
     D:1: 2475 daAuts
     D:4: 1498 daAuts
     D:6: 1430 daAuts
     D:9: 1382 daAuts
     D:3: 1200 daAuts
    D:10: 1090 daAuts
     D:5: 1086 daAuts
     D:8: 1082 daAuts
    D:11: 982 daAuts
     D:2: 975 daAuts
     D:7: 642 daAuts
